AoeStats
← Khirs

Black Forest

507762034Analyzed
4v4 RM · 11d ago on Sep 19, 2026· 24m 16s· 8 players
Game mode
Random Map
Map size
Large (8 player)
Population
200
Speed
Normal
Resources
Standard
Victory
Conquest
Starting age
Dark Age
Ending age
Imperial Age
RankedLock teamsTeams togetherTeam positionsShared explorationLock speedFull tech treeHidden civsTurbo modeCheats
Victory
Defeat
🇹🇷 Sicilians · Türkiye
907
+15
🇧🇷 Malians · Brazil
851
+17
🇹🇷 Britons · Türkiye
835
+18
🇪🇸 Teutons · Spain
776
+20
🇷🇴 Tatars · Romania
941
-20
🇹🇼 Britons · Taiwan
930
-20
🇨🇳 Burgundians · China
846
-16
🇨🇦 Portuguese · Canada
797
-14
Hebele
2:50 Loom
10:26 Feudal Age
11:22 Double-Bit Axe
18:07 Castle Age
22:42 Horse Collar
26:18 Imperial Age
Khirs
0:35 Loom
15:48 Feudal Age
16:56 Horse Collar
17:06 Double-Bit Axe
23:50 Castle Age
22:20 Stone Mining
22:23 Gold Mining
Hayallerde
0:32 Loom
14:34 Feudal Age
17:29 Town Watch
HaweN
0:57 Loom
14:53 Feudal Age
17:04 Fletching
20:38 Castle Age
18:46 Arson
19:51 Horse Collar
R.I.P
12:17 Feudal Age
14:07 Man-at-Arms
19:18 Castle Age
17:36 Double-Bit Axe
17:34 Horse Collar
20:26 Bow Saw
20:15 Loom
George
0:49 Loom
16:12 Feudal Age
L.U.C.4
1:12 Loom
13:16 Feudal Age
17:49 Castle Age
16:34 Double-Bit Axe
19:12 Wheelbarrow
19:45 Fletching
21:44 Horse Collar
LV小吕
6:08 Wheelbarrow
5:18 Loom
14:14 Feudal Age
13:55 Double-Bit Axe
14:16 Horse Collar
15:41 Bow Saw
17:43 Hand Cart
17:49 Heavy Plow
18:13 Gold Mining
21:32 Stone Mining
22:19 Gold Shaft Mining
25:25 Castle Age
Connection lost

Rejoining the realm…

Still unreachable

The connection could not be restored.

Session expired

The server has moved on; the page needs a fresh start.